Map: Bel'Shir Vestige LE (Void)

Players

Patience - Winner!

  • Race: Protoss Protoss
  • Spawn Location: 5:00

Guru

  • Race: Zerg Zerg
  • Spawn Location: 11:00

Event: IEM XI Katowice - World Championship 2017

VOD

https://youtu.be/kv6Y8pb7T_8

Description

Time

  • Played on: Feb. 28, 2017, 10:43 a.m.
  • Length: 10:10

All games in this series

Show
View Real Time Build Order
Export as new Build Order

Patience Protoss - Winner!

Build Orders: 1 Gate Expand, Mass Adepts 

Get SALT Encoding   

  12  0:01  Probe (Chrono Boost)  
  13  0:11  Probe (Chrono Boost)  
  14  0:18  Pylon  
  14  0:22  Probe (Chrono Boost)  
  15  0:37  Gateway, Probe (Chrono Boost)  
  15  0:42  Assimilator  
  16  0:47  Probe (Chrono Boost)  
  17  0:58  Probe (Chrono Boost)  
  17  1:01  Gateway  
  18  1:08  Probe (Chrono Boost)  
  19  1:24  Cybernetics Core  
  19  1:37  Nexus  
  19  1:46  Pylon  
  20  1:47  Probe (Chrono Boost)  
  20  1:58  Probe (Chrono Boost)  
  20  2:00  Adept x2  
  25  2:10  Probe (Chrono Boost)  
  25  2:12  Assimilator  
  25  2:14  Warp Gate  
  26  2:22  Probe (Chrono Boost)  
  27  2:27  Adept  
  29  2:32  Probe (Chrono Boost)  
  30  2:42  Pylon  
  30  2:43  Probe (Chrono Boost)  
  31  2:48  Twilight Council  
  31  2:49  Probe (Chrono Boost)  
  32  2:53  Probe (Chrono Boost)  
  33  3:00  Probe (Chrono Boost)  
  33  3:05  Adept  
  36  3:06  Adept  
  38  3:16  Mothership Core (Chrono Boost), Probe (Chrono Boost)  
  41  3:22  Pylon  
  42  3:27  Probe (Chrono Boost)  
  42  3:29  Pylon  
  42  3:34  Probe (Chrono Boost)  
  43  3:42  Gateway  
  43  3:46  Pylon  
  43  4:00  Probe x2 (Chrono Boost)  
  39  4:03  Pylon  
  36  4:10  Resonating Glaives  
  36  4:14  Pylon  
  33  4:18  Adept x2  
  33  4:22  Probe x2 (Chrono Boost)  
  38  4:34  Probe x2 (Chrono Boost)  
  40  4:39  Adept x3  
  48  4:46  Probe (Chrono Boost)  
  48  4:47  Probe (Chrono Boost)  
  48  4:58  Probe (Chrono Boost), Stalker  
  51  5:01  Probe (Chrono Boost)  
  51  5:04  Robotics Facility  
  52  5:09  Stalker  
  52  5:10  Probe (Chrono Boost)  
  56  5:14  Probe (Chrono Boost)  
  56  5:19  Dark Shrine  
  57  5:22  Probe (Chrono Boost)  
  57  5:25  Probe (Chrono Boost)  
  57  5:28  Pylon  
  58  5:30  Assimilator  
  58  5:34  Assimilator  
  58  5:35  Probe (Chrono Boost)  
  59  5:37  Probe (Chrono Boost)  
  60  5:46  Probe (Chrono Boost)  
  60  5:48  Adept x3, Probe (Chrono Boost)  
  68  5:52  Warp Prism  
  68  5:53  Pylon  
  68  6:03  Probe (Chrono Boost)  
  72  6:05  Probe (Chrono Boost)  
  72  6:09  Gateway  
  72  6:10  Pylon  
  72  6:14  Pylon  
  68  6:31  Observer  
  68  6:33  Probe (Chrono Boost)  
  68  6:35  Probe (Chrono Boost)  
  68  6:38  Nexus  
  59  6:56  Probe x2 (Chrono Boost)  
  59  6:58  Pylon  
  59  6:59  Dark Templar  
  59  7:00  Dark Templar x2  
  65  7:08  Probe (Chrono Boost)  
  66  7:09  Dark Templar  
  68  7:17  Forge  
  68  7:18  Probe x2 (Chrono Boost)  
  71  7:30  Probe (Chrono Boost)  
  71  7:32  Adept x3  
  71  7:34  Probe (Chrono Boost)  
  72  7:37  Immortal  
  72  7:39  Protoss Ground Weapons Level 1  
  75  7:45  Probe x2 (Chrono Boost)  
  76  7:52  Gateway x2  
  76  7:55  Gateway  
  76  7:57  Sentry, Gateway  
  76  7:58  Sentry x3  
  82  8:02  Probe (Chrono Boost)  
  82  8:03  Pylon, Probe x2 (Chrono Boost)  
  85  8:17  Immortal  
  83  8:21  Adept x2, Sentry x2  
  83  8:26  Pylon  
  93  8:27  Pylon  
  89  8:35  Photon Cannon  
  89  8:38  Photon Cannon  
  89  8:43  Dark Templar  
  91  8:48  Adept  
  91  8:51  Probe (Chrono Boost)  
  91  8:52  Probe x2 (Chrono Boost)  
  91  8:54  Pylon  
  96  9:03  Immortal  
  96  9:04  Pylon  
  100  9:12  Sentry  
  100  9:14  Zealot x2  
  100  9:15  Zealot x4  
  110  9:32  Adept  
  110  9:36  Adept x2  
  110  9:37  Adept x4  
  106  9:41  Probe (Chrono Boost)  
  106  9:42  Probe (Chrono Boost)  
  106  9:43  Probe (Chrono Boost)  
  95  9:59  Adept x5  
Show
View Real Time Build Order
Export as new Build Order

Guru Zerg 

Build Orders: Hatch First 

Get SALT Encoding   

  12  0:01  Drone  
  13  0:12  Overlord  
  13  0:18  Drone  
  14  0:31  Drone  
  15  0:44  Hatchery  
  15  0:48  Drone  
  15  0:52  Drone  
  15  0:56  Drone  
  17  1:10  Spawning Pool  
  16  1:14  Extractor  
  16  1:16  Drone  
  16  1:19  Drone  
  16  1:23  Drone  
  19  1:32  Drone  
  19  1:57  Zergling x2  
  19  1:58  Queen  
  19  1:59  Queen  
  19  2:01  Drone x2  
  26  2:05  Overlord  
  26  2:07  Drone  
  27  2:15  Metabolic Boost, Drone  
  28  2:31  Zergling x4  
  28  2:32  Evolution Chamber  
  28  2:33  Zergling x2  
  30  2:43  Zergling x2  
  30  2:44  Zergling x2  
  32  2:48  Overlord  
  29  3:06  Zergling x2  
  29  3:07  Zergling x4  
  29  3:12  Zergling x10  
  35  3:14  Zergling x2  
  35  3:15  Zergling x2  
  35  3:16  Zergling x2  
  37  3:30  Overlord  
  37  3:32  Zergling x2  
  38  3:40  Zergling x2  
  39  3:44  Zergling x2  
  39  3:46  Zergling x2  
  39  3:48  Zergling x2  
  42  3:54  Zergling x6  
  42  3:55  Zergling x2  
  41  3:56  Zergling x2  
  41  3:58  Zergling x2  
  41  4:01  Drone  
  37  4:04  Drone  
  38  4:11  Drone  
  38  4:15  Queen  
  40  4:18  Drone  
  40  4:21  Drone  
  41  4:25  Drone  
  42  4:36  Drone x2  
  44  4:44  Drone  
  44  4:47  Drone x3  
  44  4:49  Drone  
  48  4:55  Hatchery  
  48  4:58  Drone  
  48  4:59  Drone x3  
  50  5:02  Drone  
  50  5:06  Drone  
  52  5:11  Overlord  
  52  5:20  Overlord  
  52  5:22  Overlord  
  52  5:29  Overlord  
  51  5:36  Overlord  
  51  5:39  Zerg Melee Weapons Level 1  
  51  5:40  Zergling x2, Hatchery  
  51  5:41  Zergling x6  
  54  5:45  Zergling x4  
  54  5:46  Zergling x2  
  54  5:48  Zergling x2  
  58  5:50  Zergling x2  
  58  5:51  Zergling x2  
  58  5:54  Zergling x2  
  58  5:56  Zergling x4  
  63  6:07  Drone x2  
  63  6:08  Queen  
  63  6:09  Drone  
  68  6:12  Drone x2  
  68  6:14  Drone x2  
  68  6:15  Drone x2  
  72  6:21  Drone  
  72  6:22  Drone x2  
  61  6:33  Zergling x6  
  58  6:40  Zergling x2  
  58  6:41  Zergling x8  
  62  6:47  Zergling x4  
  62  6:49  Zergling x4  
  62  6:53  Zergling x4  
  68  6:58  Queen  
  68  6:59  Zergling x2  
  68  7:01  Spore Crawler  
  69  7:02  Zergling x2  
  69  7:04  Spore Crawler  
  69  7:06  Spore Crawler  
  69  7:07  Zergling x2  
  69  7:08  Zergling x4, Baneling Nest  
  67  7:10  Zergling x4  
  67  7:13  Zergling x2  
  71  7:16  Zergling x4  
  71  7:17  Zergling x4  
  71  7:21  Zergling x2  
  68  7:23  Zergling x2  
  60  7:30  Zergling x4  
  60  7:32  Zergling x4  
  51  7:38  Zergling x2  
  51  7:39  Zergling x4  
  51  7:42  Zergling x4  
  54  7:44  Zergling x2  
  54  7:46  Zergling x2, Drone  
  54  7:47  Drone  
  54  7:49  Drone  
  58  7:54  Drone  
  58  7:55  Drone  
  58  7:59  Drone x3  
  58  8:03  Drone  
  62  8:13  Zergling x8  
  62  8:16  Pneumatized Carapace  
  62  8:18  Drone x4  
  62  8:19  Drone x2  
  71  8:20  Drone  
  71  8:25  Zergling x2  
  71  8:27  Zergling x4  
  72  8:33  Zergling x6  
  75  8:36  Baneling x5  
  75  8:37  Zergling x2  
  75  8:41  Zergling x4  
  73  8:43  Drone  
  73  8:44  Drone  
  73  8:45  Drone x2  
  73  8:47  Zergling x4  
  80  8:49  Zergling x4  
  80  8:53  Zergling x4  
  80  8:55  Overlord  
  81  8:56  Zergling x2  
  81  8:59  Zergling x4  
  81  9:00  Zergling x2  
  81  9:03  Zergling x2  
  81  9:05  Overlord  
  81  9:07  Zergling x4  
  84  9:14  Zergling x4  
  84  9:15  Zergling x6  
  88  9:18  Zergling x8  
  88  9:22  Zergling x2  
  90  9:26  Zergling x2  
  90  9:27  Zergling x4  
  90  9:28  Zergling x4  
  90  9:31  Zergling x4  
  94  9:37  Zergling x2  
  83  9:41  Zergling x6  
  83  9:43  Zergling x2  
  83  9:44  Zergling x2  
  82  9:47  Zergling x2  

Tags
 
Add a new tag
Caveats
  • Supply blocks, unpowered buildings, or Contaminate may cause inaccurate times.
  • Supply counts are checked every 10 seconds.